 Dungeon Crawl Stone Soup version 0.32-a0-975-g85d4e5bfdb (webtiles) character file.

Game seed: 8755777933762791019

165 trashops the Chopper (level 5, 0/69 HPs)
             Began as a Mountain Dwarf Fighter on Apr 19, 2024.
             Succumbed to Pokonic1's ghost's poison
             ... on level 3 of the Dungeon.
             The game lasted 00:04:20 (2284 turns).

trashops the Chopper (Mountain Dwarf Fighter)       Turns: 2284, Time: 00:04:20

Health: 0/69       AC:  7    Str: 20    XL:     5   Next: 22%
Magic:  5/5        EV:  8    Int:  9    God:
Gold:   168        SH:  0    Dex:  9    Spells: 4/4 levels left

rFire   . . .        a - +0 war axe
rCold   . . .        c - +1 buckler
rNeg    . . .        b - +0 scale mail
rPois   .            (no helmet)
rElec   .            (no cloak)
rCorr   .            (no gloves)
SInv    .            (no boots)
Will    .....        (no amulet) Stlth
                     (no ring)
HPRegen 0.31/turn    (no ring)
MPRegen 0.09/turn

%: no passive effects
@: confused, berserking, lethally poisoned (0 -> -8), very quick
A: runic magic, artefact enchanting
a: no special abilities


You were on level 3 of the Dungeon.
You visited 1 branch of the dungeon, and saw 3 of its levels.

You collected 168 gold pieces.

Inventory:

Hand Weapons
 a - a +0 war axe (weapon)
 f - a +2 mace of draining
 k - a +2 hand axe of flaming
Armour
 b - a +0 scale mail (worn)
 c - a +1 buckler (worn)
Wands
 p - a wand of paralysis (7)
Scrolls
 h - 2 scrolls of fear
 m - a scroll of fog {unknown}
 n - a scroll of immolation {unknown}
 q - a scroll of teleportation
Potions
 d - a potion of might
 e - 2 potions of mutation
 g - a potion of attraction
 l - a potion of heal wounds {unknown}
 o - a potion of brilliance


   Skills:
 + Level 3.9 Fighting
 * Level 5.2 Axes
 + Level 4.1 Armour
 + Level 3.7 Shields


You had 4 spell levels left.
You didn't know any spells.
Your spell library contained the following spells:

 Spells                   Type           Power      Damage    Failure   Level
 Teleport Other           Tloc           0%         N/A       88%         3
 Dispersal                Tloc           0%         N/A       100%        6
 Gell's Gavotte           Tloc           0%         2d(11-16) 100%        6


Dungeon Overview and Level Annotations

Branches:
Dungeon (3/15)

Altars:
Qazlal

Annotations:
D:3 Pokonic1's ghost, amateur DsAl


Innate Abilities, Weirdness & Mutations

Your spellcasting is much less encumbered by armour.
You can use scrolls of enchantment on lesser artefacts.


Message History

You are confused.
Pokonic1's ghost hits you.
* * * LOW HITPOINT WARNING * * *
You are poisoned.
You are engulfed in noxious fumes.
You choke on the stench!
You are more confused.
* * * LOW HITPOINT WARNING * * *
You feel very sick.
Pokonic1's ghost attacks as it pursues you!
Pokonic1's ghost hits you.
* * * LOW HITPOINT WARNING * * *
You are lethally poisoned!
You miss Pokonic1's ghost.
Pokonic1's ghost is severely damaged.
You are engulfed in noxious fumes.
You choke on the stench!
You are more confused.
* * * LOW HITPOINT WARNING * * *
You feel very sick.
Pokonic1's ghost gestures at you while chanting.
The ball explodes into a vile cloud!
The stinking cloud engulfs you but does no damage.
The stinking cloud engulfs Pokonic1's ghost but does no damage.
It was a potion of berserk rage.
A red film seems to cover your vision as you go berserk!
You feel yourself moving faster!
You feel mighty!
You are engulfed in noxious fumes.
You choke on the stench!
You are more confused.
* * * LOW HITPOINT WARNING * * *
You feel very sick. Pokonic1's ghost completely misses you.
You bump into the rock wall.
You feel a strong urge to attack something.
You are engulfed in noxious fumes.
You choke on the stench!
You are more confused.
* * * LOW HITPOINT WARNING * * *
You feel sick. Pokonic1's ghost closely misses you.
You bump into the rock wall.
You are engulfed in noxious fumes.
You choke on the stench!
You are more confused.
You die...

#...).#..#
#.....#(##
#######...#.#
~~~~~~#..##.#
~!~~~r'..##.#
~~~~~r#°.r..#
#########°#.#
#W#.# #@#)#
#.))# #.#)#
#.#.# #.#.##
#...)#
####.## #..##
##..###


You could see Pokonic1's ghost and a river rat.

Vanquished Creatures
  An orc priest (D:3)
  Jessica (D:3)
  Ijyb (D:3)
  Terence (D:3)
  An adder (D:2)
  3 ribbon worms (D:3)
  4 orcs (D:3)
  3 ball pythons
  4 endoplasms
  A giant cockroach (D:3)
  3 goblins
  6 hobgoblins
  3 kobolds
  A quokka (D:3)
  2 bats (D:1)
  4 frilled lizards
  4 rats
43 creatures vanquished.

Vanquished Creatures (others)
  A quokka (D:3)
1 creature vanquished.

Grand Total: 44 creatures vanquished

Notes
Turn   | Place    | Note
-------+----------+-------------------------------------------
     0 | D:1      | trashops the Mountain Dwarf Fighter began the quest for the
                  | Orb.
     0 | D:1      | Reached XP level 1. HP: 19/19 MP: 1/1
   155 | D:1      | You fall into a shaft and drop 1 floor!
   318 | D:1      | Reached XP level 2. HP: 26/26 MP: 2/2
   609 | D:1      | Reached skill level 3 in Axes
   893 | D:2      | Reached XP level 3. HP: 18/31 MP: 3/3
  1557 | D:3      | Found a faded altar of an unknown god.
  1636 | D:3      | Found a stormy altar of Qazlal.
  1666 | D:3      | Noticed Terence
  1689 | D:3      | Killed Terence
  1690 | D:3      | Reached skill level 4 in Axes
  1690 | D:3      | Reached XP level 4. HP: 23/40 MP: 4/4
  1781 | D:3      | Noticed Jessica
  1793 | D:3      | Killed Jessica
  1819 | D:3      | Noticed Ijyb
  1836 | D:3      | Paralysed by Ijyb for 4 turns
  1844 | D:3      | Killed Ijyb
  2122 | D:3      | Reached skill level 5 in Axes
  2122 | D:3      | Reached XP level 5. HP: 20/46 MP: 5/5
  2218 | D:3      | Found a runed translucent door.
  2218 | D:3      | Noticed Pokonic1's ghost (amateur DsAl)
  2282 | D:3      | HP: 3/69 [poisoned by Pokonic1's ghost]
  2283 | D:3      | HP: 1/69 [poisoned by Pokonic1's ghost]
  2284 | D:3      | Succumbed to Pokonic1's ghost's poison

Illustrated notes

Levels and vault maps discovered:
D:1:      mainiacjoe_arrival_reflecting_pool, layout_loops_ring,
          minmay_misc_feat_chi, fountainhead
D:2:      layout_basic
D:3:      layout_basic, mainiacjoe_overflow_boulevard,
          shapermc_ecumenical_altar_totnotflames, ebering_ghost_sewer_f,
          minmay_large_rounded_square, uniq_ijyb, uniq_jessica, uniq_terence

Skill      XL: |  1  2  3  4 |
---------------+-------------+-----
Axes           | 3 4 5 |  5.2
Armour         | 4 |  4.1
Fighting       | |  3.9
Shields        | |  3.7

Action                     |  1- 3 |  4- 6 || total
---------------------------+-------+-------++-------
  Melee: War axe           |   131 |    61 ||   192
    Use: Scroll            |     4 |       ||     4
         Potion            |     2 |     3 ||     5
 Armour: Scale mail        |    90 |    46 ||   136
  Dodge: Dodged            |    44 |    21 ||    65
  Block: Buckler           |    29 |     8 ||    37

Table legend: (Time is in decaauts)
 A = Elapsed time spent in this place.
 B = Non-inter-level travel time spent in this place.
 C = Inter-level travel time spent in this place.
 D = Time resting spent in this place.
 E = Time spent auto-exploring this place.
 F = Levels seen in this place.
 G = Mean time per level.
                   A        B        C        D        E       F      G
               +--------+--------+--------+--------+--------+-----+--------+
         Total |   2351 |   2328 |     23 |    124 |   1712 |   3 |  783.7 |
       Dungeon |   2351 |   2328 |     23 |    124 |   1712 |   3 |  783.7 |
               +--------+--------+--------+--------+--------+-----+--------+

Top non-repeatable levels by time:
     D:3: 951 daAuts
     D:2: 721 daAuts
     D:1: 678 daAuts
